AoeStats
← KootH.

African Clearing

505255602Analyzed
4v4 RM · 24d ago on Sep 8, 2026· 66m 51s· 8 players
Game mode
Random Map
Map size
Large (8 player)
Population
200
Speed
Normal
Resources
Standard
Victory
Conquest
Starting age
Dark Age
Ending age
Imperial Age
RankedLock teamsTeams togetherTeam positionsShared explorationLock speedFull tech treeHidden civsTurbo modeCheats
Victory
Defeat
🇪🇸 Italians · Spain
1546
+13
🇩🇪 Berbers · Germany
1414
+19
🇭🇰 Vietnamese · Hong Kong SAR China
1375
+20
🇦🇷 Franks · Argentina
1349
+22
🇨🇳 Huns · China
1502
-20
🇨🇴 Magyars · Colombia
1477
-19
🇺🇸 Jurchens · United States
1472
-18
🇪🇸 Vietnamese · Spain
1439
-17
雾枝
9:20 Loom
11:40 Feudal Age
13:49 Double-Bit Axe
15:07 Fletching
17:50 Horse Collar
23:33 Castle Age
26:02 Bow Saw
25:45 Stone Mining
29:33 Gold Mining
33:16 Bodkin Arrow
35:02 Ballistics
34:47 Padded Archer Armor
35:08 Bloodlines
35:10 Thumb Ring
37:01 Husbandry
37:59 Wheelbarrow
41:36 Imperial Age
40:21 Leather Archer Armor
40:52 Scale Barding Armor
40:57 Forging
41:07 Marauders
41:40 Elite Tarkan
42:46 Chain Barding Armor
43:12 Gold Shaft Mining
44:21 Plate Barding Armor
45:24 Iron Casting
44:59 Light Cavalry
49:50 Blast Furnace
49:35 Bracer
50:41 Parthian Tactics
51:33 Cavalier
58:05 Paladin
61:56 Hand Cart
KootH.
3:22 Loom
12:36 Feudal Age
14:05 Double-Bit Axe
23:28 Castle Age
22:36 Scale Barding Armor
22:43 Bloodlines
24:14 Wheelbarrow
24:33 Bow Saw
36:32 Horse Collar
37:15 Husbandry
37:59 Town Watch
41:23 Fletching
41:33 Padded Archer Armor
42:17 Bodkin Arrow
41:59 Elite Skirmisher
43:33 Leather Archer Armor
44:48 Ballistics
47:19 Imperial Age
47:54 Cavalier
48:05 Light Cavalry
50:08 Chemistry
49:53 Conscription
49:54 Hand Cart
50:19 Bracer
50:50 Ring Archer Armor
51:04 Hussar
53:55 Chain Barding Armor
54:56 Corvinian Army
55:32 Hoardings
54:28 Pikeman
56:44 Imperial Skirmisher
57:45 Halberdier
59:53 Scale Mail Armor
60:28 Plate Barding Armor
61:11 Thumb Ring
60:34 Elite Magyar Huszar
62:42 Heavy Plow
65:17 Chain Mail Armor
TdB.victor2.01
4:18 Loom
14:41 Feudal Age
18:48 Castle Age
50:01 Horse Collar
60:00 Wheelbarrow
59:11 Town Watch
62:35 Imperial Age
60:15 Fletching
60:25 Padded Archer Armor
61:51 Bodkin Arrow
61:56 Padded Archer Armor
62:21 Ballistics
62:11 Thumb Ring
63:25 Bracer
63:40 Leather Archer Armor
64:49 Chemistry
65:13 Paper Money
65:06 Heavy Plow
65:21 Elite Rattan Archer
66:03 Elite Rattan Archer
BigAl
12:02 Feudal Age
10:18 Loom
12:38 Double-Bit Axe
22:18 Castle Age
21:18 Bloodlines
21:58 Forging
21:53 Scale Barding Armor
22:07 Horse Collar
25:54 Husbandry
33:01 Iron Casting
35:15 Wheelbarrow
34:26 Town Watch
38:32 Fletching
39:05 Chain Barding Armor
42:00 Imperial Age
40:21 Hand Cart
40:21 Hand Cart
40:43 Fletching
40:54 Padded Archer Armor
42:13 Squires
42:05 Pikeman
43:26 Plate Barding Armor
43:55 Blast Furnace
43:01 Scale Mail Armor
43:44 Halberdier
45:21 Plate Barding Armor
44:56 Fortified Bastions
45:03 Fortified Bastions
46:45 Chain Mail Armor
47:06 Plate Barding Armor
46:01 Elite Iron Pagoda
48:24 Plate Barding Armor
47:44 Bodkin Arrow
48:42 Bodkin Arrow
49:02 Leather Archer Armor
48:39 Elite Skirmisher
49:58 Bracer
52:05 Ring Archer Armor
51:11 Imperial Skirmisher
56:16 Light Cavalry
57:01 Hussar
62:13 Heavy Rocket Cart
Chris Becker
13:14 Feudal Age
11:47 Loom
18:37 Castle Age
17:48 Double-Bit Axe
18:35 Horse Collar
20:15 Bow Saw
24:59 Bloodlines
25:22 Husbandry
26:51 Wheelbarrow
26:25 Scale Barding Armor
26:31 Fishing Lines
27:15 Forging
29:30 Chain Barding Armor
29:15 Town Watch
30:03 Hand Cart
30:48 Gillnets
32:24 Iron Casting
32:01 Heavy Plow
31:57 Gold Mining
32:05 Fletching
37:58 Imperial Age
35:36 Stone Mining
38:01 Heavy Camel Rider
40:29 Plate Barding Armor
40:40 Conscription
41:12 Bodkin Arrow
44:16 Blast Furnace
43:42 Padded Archer Armor
44:00 Thumb Ring
44:04 Bracer
44:29 Ballistics
44:39 Elite Camel Archer
47:04 Chemistry
46:30 Maghrebi Camels
46:59 Leather Archer Armor
46:15 Light Cavalry
47:48 Gold Shaft Mining
49:00 Kasbah
48:43 Hussar
54:27 Ring Archer Armor
55:41 Cavalier
59:09 Stone Shaft Mining
63:38 Town Patrol
Puskas
9:56 Loom
12:19 Feudal Age
13:07 Double-Bit Axe
17:30 Fletching
18:54 Horse Collar
20:43 Town Watch
23:31 Castle Age
21:45 Padded Archer Armor
23:35 Crossbowman
24:11 Bodkin Arrow
29:22 Ballistics
34:31 Wheelbarrow
34:24 Thumb Ring
39:12 Imperial Age
39:12 Arbalester
40:12 Bracer
41:45 Conscription
42:16 Leather Archer Armor
42:30 Gold Mining
43:53 Chemistry
43:57 Town Patrol
56:24 Elite Skirmisher
57:15 Heavy Plow
57:20 Imperial Skirmisher
60:45 Bow Saw
63:49 Capped Ram
Bear
14:12 Feudal Age
46:43 Double-Bit Axe
52:38 Castle Age
51:55 Scale Mail Armor
52:06 Forging
52:47 Loom
53:38 Wheelbarrow
53:02 Pikeman
54:32 Squires
61:12 Chain Mail Armor
61:33 Iron Casting
63:09 Fletching
63:49 Caravan
66:14 Hand Cart
302
11:42 Feudal Age
15:45 Castle Age
14:17 Loom
15:15 Double-Bit Axe
26:30 Bow Saw
26:19 Fletching
26:30 Horse Collar
28:19 Wheelbarrow
27:29 Town Watch
41:00 Gold Mining
46:38 Imperial Age
44:33 Bodkin Arrow
45:16 Ballistics
46:02 Thumb Ring
46:56 Padded Archer Armor
47:10 Elite Rattan Archer
49:13 Bracer
50:31 Chemistry
50:08 Hand Cart
51:01 Leather Archer Armor
51:12 Paper Money
52:22 Two-Man Saw
52:34 Heavy Plow
54:23 Murder Holes
57:19 Squires
57:05 Arson
56:40 Pikeman
59:58 Ring Archer Armor
59:29 Scale Mail Armor
59:39 Forging
60:23 Elite Skirmisher
61:48 Chain Mail Armor
62:25 Halberdier
65:37 Plate Mail Armor
65:42 Iron Casting
65:23 Scale Barding Armor
67:13 Bloodlines
66:24 Light Cavalry
67:04 Husbandry
Connection lost

Rejoining the realm…

Still unreachable

The connection could not be restored.

Session expired

The server has moved on; the page needs a fresh start.